AoeStats
← The Devastator

Arabia

503944257Analyzed
3v3 RM · 29d ago on Sep 3, 2026· 35m 4s· 6 players
Game mode
Random Map
Map size
Normal (6 player)
Population
200
Speed
Normal
Resources
Standard
Victory
Conquest
Starting age
Dark Age
Ending age
Imperial Age
RankedLock teamsTeams togetherTeam positionsShared explorationLock speedFull tech treeHidden civsTurbo modeCheats
Victory
Defeat
🇲🇽 Saracens · Mexico
817
+15
🇲🇽 Aztecs · Mexico
806
+16
🇲🇽 Koreans · Mexico
799
+16
🇱🇻 Gurjaras · Latvia
848
-17
🇺🇸 Khmer · United States
822
-17
🇱🇧 Bohemians · Lebanon
744
-13
Mr.Mike
12:07 Feudal Age
12:34 Loom
12:38 Double-Bit Axe
12:35 Horse Collar
18:39 Castle Age
18:30 Forging
18:23 Scale Mail Armor
19:34 Pikeman
20:15 Squires
The Devastator
11:06 Feudal Age
10:36 Loom
11:30 Horse Collar
11:38 Double-Bit Axe
16:22 Castle Age
16:49 Wheelbarrow
17:40 Bow Saw
20:39 Wheelbarrow
24:22 Hand Cart
25:51 Stone Mining
25:55 Gold Mining
30:08 Imperial Age
30:43 Stone Shaft Mining
30:46 Gold Shaft Mining
29:53 Pikeman
33:47 Hoardings
c190
0:34 Loom
11:59 Feudal Age
17:12 Castle Age
21:19 Husbandry
Frijogtz
7:53 Loom
10:07 Feudal Age
10:58 Double-Bit Axe
13:25 Fletching
14:47 Town Watch
23:32 Castle Age
25:09 Wheelbarrow
24:20 Crossbowman
30:26 Hand Cart
30:08 Bodkin Arrow
34:43 Imperial Age
33:04 Bow Saw
Sotelo of Empires
7:03 Loom
9:45 Feudal Age
12:28 Double-Bit Axe
14:32 Horse Collar
21:20 Castle Age
20:09 Bloodlines
20:26 Gold Mining
20:57 Scale Barding Armor
24:06 Stone Mining
25:41 Elite Skirmisher
29:26 Bow Saw
29:55 Gold Shaft Mining
29:25 Heavy Plow
30:00 Chain Barding Armor
30:25 Fletching
ulisotelo87
10:34 Feudal Age
12:23 Double-Bit Axe
17:49 Castle Age
19:11 Scale Mail Armor
20:20 Gold Mining
Connection lost

Rejoining the realm…

Still unreachable

The connection could not be restored.

Session expired

The server has moved on; the page needs a fresh start.